 Dungeon Crawl Stone Soup version 0.20-a0-641-g673355a (webtiles) character file.

4962 Angani the Fighter (level 10, 0/76 HPs)
             Began as a Mummy Monk on Feb 14, 2017.
             Was an Elder of Hepliaklqana.
             Slain by an insubstantial wisp (7 damage)
             ... on level 8 of the Dungeon.
             The game lasted 00:17:28 (11538 turns).

Angani the Fighter (Mummy Monk)                    Turns: 11538, Time: 00:17:29

Health: 0/76       AC: 14    Str: 18    XL:     10   Next: 28%
Magic:  10/10      EV:  8    Int:  9    God:    Hepliaklqana [****..]
Gold:   529        SH:  5    Dex: 15    Spells: 9/9 levels left

rFire    . . .     SeeInvis .   a - +0 spear
rCold    . . .     Gourm    .   f - +0 plate armour
rNeg     + + +     Faith    .   r - +0 buckler
rPois    ∞         Spirit   .   c - +1 helmet
rElec    .         Reflect  .   (no cloak)
rCorr    .         Harm     +   (no gloves)
MR       +....                  (no boots)
Stlth    ..........             h - amulet of harm
Regen    0.3/turn               e - ring of wizardry
MPRegen  0.2/turn               i - ring of fire

@: no status effects
A: no food or potions, fire vulnerability, reduced essence, cold resistance 1,
negative energy resistance 3, torment resistance, unbreathing
a: Recall Ancestor, Ancestor Identity, Transference, Idealise, Renounce Religion


You were on level 8 of the Dungeon.
You worshipped Hepliaklqana.
Hepliaklqana was greatly pleased with you.
You were not hungry.

You visited 1 branch of the dungeon, and saw 8 of its levels.

You collected 529 gold pieces.

Inventory:

Hand Weapons
 a - a +0 spear (weapon)
Missiles
 v - a throwing net (quivered)
Armour
 c - a +1 helmet (worn)
 f - a +0 plate armour (worn)
 r - a +0 buckler (worn)
Jewellery
 e - a ring of wizardry (right hand)
 h - an amulet of harm (around neck)
 i - a ring of fire (left hand)
 x - an uncursed ring of fire
Wands
 j - a wand of paralysis (14/24)
 k - a wand of polymorph (6/24)
 p - a wand of iceblast (5/15)
 s - a wand of flame (31/48)
Scrolls
 b - a scroll of teleportation
 d - 2 scrolls of noise
 g - 2 scrolls of remove curse
 m - a scroll of blinking
 n - 3 scrolls of immolation
 o - a scroll of amnesia
 q - 2 scrolls of fear
 u - a scroll of identify
 w - a scroll of random uselessness {unknown}
Books
 l - a book of Cantrips

   Spells                             Type                      Level
   a - Confusing Touch                Hexes                        1
   b - Animate Skeleton               Necromancy                   1
   c - Summon Small Mammal            Summoning                    1
   d - Apportation                    Translocation                1
Miscellaneous
 t - a box of beasts


   Skills:
 - Level 10.0 Fighting
 + Level 6.4 Polearms
 - Level 5.0 Armour
 - Level 5.0 Dodging
 - Level 1.5 Stealth
 - Level 4.0 Shields


You had 9 spell levels left.
You didn't know any spells.

Dungeon Overview and Level Annotations

Branches:
Dungeon (8/15)             Temple (0/1) D:4
   Lair: D:8-11

Altars:
Dithmenos
Hepliaklqana
Makhleb
Okawaru
Ru
The Shining One

Shops:
D:4 =

Annotations:
D:6 dricus's ghost, novice GrGl
D:8 Erica


Innate Abilities, Weirdness & Mutations

You do not eat or drink.
Your flesh is vulnerable to fire.
You are immune to poison.
Your flesh is cold resistant. (rC+)
You are immune to negative energy. (rN+++)
You are immune to unholy pain and torment.
You can survive without breathing.
Your life essence is reduced. (-10% HP)


Message History

* * * LOW HITPOINT WARNING * * *
The steam dragon bites you but does no damage.
The steam dragon closely misses you.
Unknown command.
Your plate armour prevents you from hitting the steam dragon.
The steam dragon is almost dead.
You hit the steam dragon but do no damage.
The steam dragon is almost dead.
The steam dragon bites you.
* * * LOW HITPOINT WARNING * * *
The steam dragon claws you but does no damage.
You hit the steam dragon.
You kill the steam dragon!
Unknown command.
Your plate armour prevents you from hitting the insubstantial wisp.
The insubstantial wisp is lightly damaged.
The insubstantial wisp hits you.
* * * LOW HITPOINT WARNING * * *
The insubstantial wisp hits you.
You die...

#.......# #......#
######.......#######..########
..............................
######)†...###......#..#######
.....)..............'.>#
######(....###......####
....................#
##############......# ##..[..
.......@...#
....###.##.##..v.)..#
..........§##.......#
D§§.....#...#.##.####
.§#≈§≈≈≈§.....##.#
§#§§v≈≈≈≈§#†..##.#
.≈≈≈..#.§§≈...##.#
.≈≈.(#?$.≈≈≈#.##..
.≈≈..###..≈≈...###


You could see an insubstantial wisp.

Vanquished Creatures
  Grinder (D:5)
  A wyvern (D:8)
  A steam dragon (D:8)
  Edmund (D:4)
  Duvessa (D:5)
  A sky beast (D:8)
  A black bear (D:8)
  3 ogres
  2 bullfrogs (D:6)
  3 scorpions
  Dowan (D:6)
  5 killer bees (D:8)
  A howler monkey (D:8)
  An orc priest (D:7)
  5 hounds
  5 orc wizards
  A centaur skeleton (D:5)
  Jessica (D:1)
  An iguana (D:5)
  5 worker ants
  A hound skeleton (D:4)
  A howler monkey zombie (D:7)
  15 gnolls
  12 adders
  2 adder skeletons (D:4)
  An adder zombie (D:6)
  2 worms (D:2)
  3 dart slugs
  5 leopard geckos
  18 orcs
  A ball python (D:3)
  6 giant cockroaches
  7 goblins
  8 hobgoblins
  8 jackals
  11 kobolds
  4 quokkas
  7 bats
  14 frilled lizards
  2 quokka skeletons
  6 rats
175 creatures vanquished.

Vanquished Creatures (collateral kills)
  Joseph (D:8)
  A hippogriff (D:4)
  A spriggan (D:7)
  Eustachio (D:4)
  A hungry ghost (D:7)
  An insubstantial wisp (D:8)
  A water moccasin (D:7)
  2 sky beasts
  2 ice beasts
  2 ogres
  A centaur (D:7)
  Blork the orc (D:6)
  A scorpion (D:4)
  2 howler monkeys (D:8)
  3 hounds
  A bullfrog skeleton (D:7)
  2 orc priests (D:7)
  A jelly (D:6)
  An iguana (D:7)
  6 orc wizards
  A worker ant (D:4)
  A howler monkey zombie (D:7)
  7 gnolls
  An adder (D:4)
  An adder skeleton (D:6)
  A worm (D:3)
  11 orcs
  A jackal (D:3)
  A frilled lizard (D:4)
  A kobold (D:3)
58 creatures vanquished.

Vanquished Creatures (others)
  A sky beast (D:8)
  7 hexers
8 creatures vanquished.

Grand Total: 241 creatures vanquished

Notes
Turn   | Place    | Note
-------+----------+-------------------------------------------
     0 | D:1      | Angani the Mummy Monk began the quest for the Orb.
     0 | D:1      | Reached XP level 1. HP: 18/18 MP: 1/1
   440 | D:1      | Reached XP level 2. HP: 24/24 MP: 2/2
   745 | D:1      | Reached skill level 4 in Fighting
  1109 | D:2      | Reached XP level 3. HP: 10/30 MP: 3/3
  1906 | D:2      | Noticed Jessica
  1947 | D:1      | Killed Jessica
  1947 | D:1      | Reached skill level 5 in Fighting
  1947 | D:1      | Reached XP level 4. HP: 39/39 MP: 4/4
  2389 | D:2      | Found an iron altar of Okawaru.
  2489 | D:2      | Reached XP level 5. HP: 10/44 MP: 5/5
  3112 | D:3      | Found a hazy altar of Hepliaklqana.
  3128 | D:3      | Became a worshipper of Hepliaklqana the Forgotten
  3128 | D:3      | Reached * piety under Hepliaklqana
  3128 | D:3      | Reached ** piety under Hepliaklqana
  3129 | D:3      | Remembered your ancestor RazzleStorm as a hexer
  3824 | D:4      | Noticed Eustachio
  3869 | D:4      | Killed Eustachio
  3869 | D:4      | Reached skill level 5 in Polearms
  3869 | D:4      | Reached XP level 6. HP: 41/45 MP: 6/6
  3948 | D:4      | Noticed Edmund
  3966 | D:4      | Killed Edmund
  3966 | D:4      | Reached XP level 7. HP: 32/50 MP: 7/7
  4300 | D:4      | Found a staircase to the Ecumenical Temple.
  4332 | D:4      | Found Xoamubuf's Jewellery Shop.
  4642 | D:4      | Found a burning altar of Makhleb.
  4690 | D:4      | Noticed a hippogriff
  4701 | D:4      | Killed a hippogriff
  5228 | D:5      | Entered Level 5 of the Dungeon
  5268 | D:5      | Reached *** piety under Hepliaklqana
  5462 | D:5      | Reached skill level 5 in Armour
  5589 | D:5      | Reached XP level 8. HP: 55/55 MP: 8/8
  5733 | D:5      | Noticed Grinder
  5754 | D:5      | Paralysed by Grinder for 4 turns
  5779 | D:5      | Killed Grinder
  6243 | D:5      | Reached skill level 5 in Dodging
  6724 | D:6      | Noticed dricus's ghost (novice GrGl)
  6757 | D:6      | Noticed Dowan
  6757 | D:6      | Noticed Blork the orc
  6762 | D:6      | Noticed Duvessa
  6769 | D:6      | Killed Dowan
  6769 | D:6      | Reached skill level 6 in Fighting
  6815 | D:6      | Killed Blork the orc
  6838 | D:5      | Killed Duvessa
  7039 | D:5      | Reached skill level 7 in Fighting
  7192 | D:6      | Found a glowing golden altar of the Shining One.
  7497 | D:6      | Reached XP level 9. HP: 52/64 MP: 9/9
  7512 | D:6      | Reached skill level 1 in Shields
  8211 | D:6      | Found a shadowy altar of Dithmenos.
  8305 | D:6      | Reached **** piety under Hepliaklqana
  8876 | D:7      | Found a sacrificial altar of Ru.
  8902 | D:7      | Reached skill level 8 in Fighting
  9384 | D:7      | Got a smoking chain mail
  9385 | D:7      | Identified the +1 chain mail of Darew {Int+3} (You found it on level 7 of the Dungeon)
  9626 | D:7      | Reached skill level 9 in Fighting
 10991 | D:8      | Reached XP level 10. HP: 62/76 MP: 10/10
 11014 | D:8      | Reached skill level 10 in Fighting
 11166 | D:8      | Noticed Joseph
 11196 | D:8      | Killed Joseph
 11323 | D:8      | Noticed Erica
 11538 | D:8      | Slain by an insubstantial wisp

Vault maps used:
D:1:      lightli_arrival_statue_moat, minmay_lizard_king
D:2:      lemuel_coloured_pillars_altar, uniq_jessica
D:3:      overflow_temple_1_default, first_bread
D:4:      makhleb_blood_cavern_becter, minmay_temple_entry_mist, serial_shops,
          shop, small_statue_intersection, kennysheep_generic_room_14,
          uniq_edmund, uniq_eustachio
D:5:      uniq_grinder
D:6:      minmay_cornered_nines, lemuel_crystal_altar, old_standard_altar,
          uniq_duvessa, uniq_blork_the_orc
D:7:      lemuel_crystal_altar, the_bakery
D:8:      minmay_statues_item, minmay_misc_feat_alley, hangedman_misty_isle,
          uniq_joseph, uniq_pikel, uniq_erica

Skill      XL: |  1  2  3  4  5  6  7  8  9 10 |
---------------+-------------------------------+-----
Fighting       | 4 5 7 9 10 | 10.0
Polearms       | 3 5 6 |  6.4
Armour         | 2 5 |  5.0
Dodging        | 5 |  5.0
Shields        | 4 |  4.0
Stealth        | |  1.5

Action                   |  1- 3 |  4- 6 |  7- 9 | 10-12 || total
-------------------------+-------+-------+-------+-------++-------
Melee: Spear             |   218 |   305 |   704 |   145 ||  1372
Invok: Ancestor Life: He |       |     1 |       |       ||     1
       Ancestor Identity |       |     1 |       |       ||     1
       Recall Ancestor   |       |       |     1 |       ||     1
  Use: Scroll            |       |       |    11 |     1 ||    12
 Stab: Sleeping          |     1 |       |       |       ||     1
       Distracted        |       |     3 |     2 |     2 ||     7
       Confused          |       |     1 |    12 |       ||    13
Armor: Robe              |     4 |       |       |       ||     4
       Plate armour      |   111 |   161 |   292 |    44 ||   608
Dodge: Dodged            |    60 |    62 |   124 |    38 ||   284
Block: Buckler           |       |       |    46 |    17 ||    63
